 Dungeon Crawl Stone Soup version 0.31-a0-986-g5e6e4ef867 (webtiles) character file.

Game seed: 12948083916721944401

532 Xavori the Trooper (level 7, -1/46 HPs)
             Began as a Djinni Chaos Knight on Nov 10, 2023.
             Was a Plaything of Xom.
             Slain by an orc wizard
             ... wielding a +0 dagger
              (4 damage)
             ... on level 4 of the Dungeon.
             The game lasted 00:03:25 (7817 turns).

Xavori the Trooper (Djinni Chaos Knight)            Turns: 7817, Time: 00:03:25

Health: -1/46      AC:  8    Str:  9    XL:     7   Next: 49%
Gold:   138        EV: 13    Int: 17    God:    Xom [.....*] SH:  0 Dex: 17

rFire   + + .        a - +0 falchion (chaos)
rCold   x . .        (no shield)
rNeg    . . .        b - +2 leather armour
rPois   ∞            r - +0 helmet
rElec   .            (no cloak)
rCorr   +            (no gloves)
SInv    .            (boots unavailable)
Will    .....        (no amulet)
Stlth   +            f - ring of resist corrosion
HPRegen 1.07/turn    (no ring)
MPRegen 0.00/turn

%: random rage (3%), infuse magic (-2 HP)
@: flying
A: sickness immunity, fire resistance 2, cold vulnerability 1, float, innate
caster, HP casting, extra vitality 1, iridescent scales 1, agile 1, berserk 1,
clever 1, frail 1, regeneration 1, screaming 1
a: Renounce Religion


You were on level 4 of the Dungeon.
You worshipped Xom.
You were Xom's teddy bear.
You visited 1 branch of the dungeon, and saw 4 of its levels.

You collected 138 gold pieces.

Inventory:

Hand Weapons
 a - a +0 falchion of chaos (weapon)
Armour
 b - a +2 leather armour (worn)
 r - a +0 helmet (worn)
Jewellery
 f - a ring of resist corrosion (left hand)
Scrolls
 c - a scroll of butterflies
 h - a scroll of teleportation {unknown}
 j - a scroll of torment
 k - a scroll of blinking
 m - a scroll of fear {unknown}
 n - a scroll of vulnerability {unknown}
 o - a scroll of fog {unknown}
 p - a scroll of silence {unknown}
 q - a scroll of revelation {unknown}
Potions
 d - 2 potions of curing
 e - a potion of attraction {unknown}
 g - a potion of degeneration {unknown}
 i - 2 potions of enlightenment {unknown}
 l - 2 potions of resistance {unknown}


   Skills:
 + Level 4.3 Fighting
 + Level 3.9 Long Blades
 + Level 3.1 Armour
 + Level 4.0 Dodging
 * Level 2.5 Spellcasting
 * Level 2.5 Conjurations
 * Level 2.5 Hexes
   Level 0.0 Charms
 * Level 2.5 Summonings
 * Level 2.5 Necromancy
 * Level 2.5 Translocations
 * Level 2.5 Transmutations
 * Level 2.5 Fire Magic
 * Level 2.5 Ice Magic
 * Level 2.5 Air Magic
 * Level 2.5 Earth Magic
 * Level 2.5 Poison Magic


You knew the following spells:

 Your Spells              Type           Power      Damage    Failure   Level
a - Sting                 Tmut/Pois      40%        1d5       9%          1
b - Jinxbite              Hex            20%        N/A       13%         2
c - Summon Guardian Gole  Hex/Summ       10%        N/A       26%         3
Your spell library was empty.

Dungeon Overview and Level Annotations

Branches:
Dungeon (4/15)
 Temple: D:4-7

Altars:
Cheibriados
Makhleb
Qazlal

Shops:
D:3 [


Innate Abilities, Weirdness & Mutations

You are immune to sickness and miasma.
You are immune to poison.
Your flesh is very heat resistant. (rF++)
You are vulnerable to cold. (rC-)
You float through the air rather than walking.
You learn spells naturally, not from books.
Your magical power is your life essence.
You have superior vitality. (+4 MHP)
You are partially covered in iridescent scales. (AC +2)
You are agile. (Dex +4, Str/Int -1)
You sometimes lose your temper in combat.
Your mind is acute. (Int +4, Str/Dex -1)
You are frail. (-10% HP)
Your natural rate of healing is unusually fast.
You occasionally shout uncontrollably at your foes.


Message History

You closely miss the orc wizard.
The orc wizard is moderately wounded.
You feel less confused. The orc misses you.
The orc wizard completely misses you.
The orc wizard points at you and mumbles some strange words.
The magic dart hits you.
* * * LOW HITPOINT WARNING * * *
The orc wizard hits you but does no damage.
The orc hits you but does no damage.
You miss the orc wizard.
The orc wizard is moderately wounded.
The orc wizard misses you.
The orc wizard hits you but does no damage.
The orc hits you but does no damage.
You slash the orc wizard!
The orc wizard goes berserk!
The orc wizard is heavily wounded.
The orc wizard hits you but does no damage. x2
The orc wizard barely misses you. The orc hits you but does no damage.
The orc wizard closely misses you.
You hit the orc wizard.
You feel better.
The orc wizard is severely wounded.
The orc wizard completely misses you.
The orc wizard hits you with a +0 dagger.
* * * LOW HITPOINT WARNING * * *
The orc barely misses you.
The orc wizard hits you with a +0 dagger.
* * * LOW HITPOINT WARNING * * *
You completely miss the orc wizard.
The orc wizard is severely wounded.
The orc wizard hits you but does no damage.
The orc wizard closely misses you. The orc hits you with a +0 dagger.
* * * LOW HITPOINT WARNING * * *
The orc wizard barely misses you.
Unknown command.
You hit the orc wizard.
The orc wizard is almost dead.
The orc wizard hits you but does no damage.
The orc wizard misses you. The orc hits you but does no damage.
The orc wizard hits you with a +0 dagger.
You die...

..###########......
...................
..................
#................
#..............
##.......oo.....
#.......###.....
#...†#### ##...
#.)o@# .. #.○oo# .
#..○.# #.)☼†#
#....## #######
#.....######.....#
##...[...........#
##..............##
############....#


You could see 2 orc wizards and an orc.

Vanquished Creatures
  A guardian serpent (shapeshifter) (D:4)
  Jessica (D:2)
  An iguana (D:4)
  An orc wizard (D:2)
  A gnoll (D:1)
  4 adders
  5 worms
  9 orcs
  5 ball pythons
  4 bats
  5 endoplasms
  A giant cockroach (D:4)
  4 goblins
  2 hobgoblins (D:1)
  6 kobolds
  2 quokkas
  4 frilled lizards
  5 rats (D:2)
61 creatures vanquished.

Vanquished Creatures (others)
  An orc wizard (D:4)
1 creature vanquished.

Grand Total: 62 creatures vanquished

Notes
Turn   | Place    | Note
-------+----------+-------------------------------------------
     0 | D:1      | Xavori the Djinni Chaos Knight began the quest for the Orb.
     0 | D:1      | Reached XP level 1. HP: 20/20 MP: 0/0
   109 | D:1      | XOM: silly message
   215 | D:1      | Reached XP level 2. HP: 25/25 MP: 0/0
   250 | D:1      | XOM: divination: detect items
   280 | D:1      | XOM: silly message
   324 | D:1      | XOM: divination: magic mapping
   417 | D:1      | Reached XP level 3. HP: 26/30 MP: 0/0
   417 | D:1      | Learned a level 1 spell: Sting
   436 | D:1      | XOM: give mutations
   436 | D:1      | Gained mutation: Your mind is acute. (Int +4, Str/Dex -1)
                  | [Xom's mischief]
   436 | D:1      | Gained mutation: You are partially covered in iridescent
                  | scales. (AC +2) [Xom's mischief]
   436 | D:1      | Gained mutation: You have hidden genetic defects. [Xom's
                  | mischief]
   444 | D:1      | Noticed an eye of devastation
   448 | D:1      | Noticed a shining eye
   469 | D:1      | Found a faded altar of an unknown god.
   471 | D:1      | Noticed an eye of devastation
   471 | D:1      | Noticed an eye of devastation
   645 | D:1      | XOM: give mutations
   645 | D:1      | Gained mutation: You are strong-willed. (Will+) [Xom's
                  | mischief]
   645 | D:1      | Gained mutation: You are frail. (-10% HP) [Xom's mischief]
   747 | D:1      | Gained mutation: You occasionally shout uncontrollably at
                  | your foes. [hidden defects]
  1118 | D:1      | XOM: give mutations
  1118 | D:1      | Lost mutation: You have hidden genetic defects. [Xom's
                  | grace]
  1118 | D:1      | Gained mutation: Your natural rate of healing is unusually
                  | fast. [Xom's grace]
  1290 | D:1      | XOM: draining
  1544 | D:1      | XOM: noise
  2204 | D:1      | XOM: scenery: 2 doors close
  2597 | D:1      | XOM: god gift: onyx ring {god gift}
  3854 | D:1      | XOM: scenery: 2 doors open
  4107 | D:1      | XOM: scenery: 2 doors close
  4678 | D:1      | XOM: draining
  4754 | D:1      | XOM: silly message
  5236 | D:1      | XOM: stat loss: -1 Dex (12/13)
  5276 | D:1      | XOM: summons 4 hostile shadow creatures
  5714 | D:1      | XOM: give mutations
  5714 | D:1      | Gained mutation: You are agile. (Dex +4, Str/Int -1) [Xom's
                  | mischief]
  5714 | D:1      | Lost mutation: You are strong-willed. (Will+) [Xom's
                  | mischief]
  5714 | D:1      | Gained mutation: You sometimes lose your temper in combat.
                  | [Xom's mischief]
  5925 | D:2      | Reached skill level 1 in Spellcasting
  5925 | D:2      | Reached skill level 1 in Conjurations
  5925 | D:2      | Reached skill level 1 in Hexes
  5925 | D:2      | Reached skill level 1 in Summonings
  5925 | D:2      | Reached skill level 1 in Necromancy
  5925 | D:2      | Reached skill level 1 in Translocations
  5925 | D:2      | Reached skill level 1 in Transmutations
  5925 | D:2      | Reached skill level 1 in Fire Magic
  5925 | D:2      | Reached skill level 1 in Ice Magic
  5925 | D:2      | Reached skill level 1 in Air Magic
  5925 | D:2      | Reached skill level 1 in Earth Magic
  5925 | D:2      | Reached skill level 1 in Poison Magic
  6030 | D:2      | XOM: stat loss: -1 Int (15/16)
  6057 | D:2      | Noticed Jessica
  6057 | D:2      | XOM: chaos upgrade
  6064 | D:2      | Killed Jessica
  6065 | D:2      | Reached XP level 4. HP: 21/26 MP: 0/0
  6088 | D:2      | Reached XP level 5. HP: 33/33 MP: 0/0
  6088 | D:2      | Learned a level 2 spell: Jinxbite
  6696 | D:3      | XOM: confusion
  6850 | D:3      | Found Kefehos's Armour Boutique.
  6905 | D:3      | Found a stormy altar of Qazlal.
  6981 | D:3      | Found a burning altar of Makhleb.
  6981 | D:3      | Found a snail-covered altar of Cheibriados.
  7518 | D:3      | XOM: silly message
  7551 | D:4      | a scorpion changed into a shapeshifter
  7551 | D:4      | Noticed a shapeshifter (shapeshifter)
  7551 | D:4      | a shapeshifter changed into a yak
  7551 | D:4      | Noticed a yak (shapeshifter)
  7552 | D:4      | a yak changed into a guardian serpent
  7552 | D:4      | Noticed a guardian serpent (shapeshifter)
  7558 | D:4      | Killed a guardian serpent
  7559 | D:4      | Reached XP level 6. HP: 14/42 MP: 0/0
  7559 | D:4      | Reached XP level 7. HP: 15/46 MP: 0/0
  7559 | D:4      | Learned a level 3 spell: Summon Guardian Golem
  7618 | D:4      | XOM: god gift: scroll labelled TOCECK DIFA {god gift}
  7640 | D:4      | XOM: polymorph endoplasm -> adder
  7804 | D:4      | XOM: smoke on damage
  7816 | D:4      | HP: 2/46 [orc/+0 dagger (2)]
  7817 | D:4      | Slain by an orc wizard

Illustrated notes

Levels and vault maps discovered:
D:1:      minmay_arrival_nine_rooms, layout_basic,
          hellmonk_ecumenical_altar_watching_god
D:2:      layout_basic, roderic_nine_men_s_morris, grunt_ministairs_14,
          nrook_loot_triangle, kennysheep_pointless_box, dk_noncrumbling_2,
          kennysheep_generic_room_2, uniq_jessica
D:3:      layout_basic, lemuel_tele_altar, grunt_qazlal_sundering,
          gammafunk_temple_overflow_pools, serial_shops,
          nicolae_shop_hallway_plus
D:4:      layout_layer_cave, grunt_temple_overflow_opulence, old_standard_altar,
          nicolae_uskayaw_dance_hall, kennysheep_orc_sif_temple, temple_pool_b,
          kennysheep_generic_room_3

Skill      XL: |  1  2  3  4  5  6  7 |
---------------+----------------------+-----
Long Blades    | 3 |  3.9
Spellcasting   | 1 2 |  2.5
Conjurations   | 1 2 |  2.5
Hexes          | 1 2 |  2.5
Summonings     | 1 2 |  2.5
Necromancy     | 1 2 |  2.5
Translocations | 1 2 |  2.5
Transmutations | 1 2 |  2.5
Fire Magic     | 1 2 |  2.5
Ice Magic      | 1 2 |  2.5
Air Magic      | 1 2 |  2.5
Earth Magic    | 1 2 |  2.5
Poison Magic   | 1 2 |  2.5
Armour         | 3 |  3.1
Dodging        | 3 4 |  4.0
Fighting       | 4 |  4.3

Action                     |  1- 3 |  4- 6 |  7- 9 || total
---------------------------+-------+-------+-------++-------
  Melee: Falchion          |    72 |    91 |    54 ||   217
         Punch             |     1 |     1 |       ||     2
    Use: Scroll            |       |     3 |     1 ||     4
         Potion            |       |       |     2 ||     2
   Stab: Sleeping          |       |     3 |       ||     3
         Petrifying        |       |     1 |       ||     1
         Confused          |       |       |     1 ||     1
 Armour: Leather armour    |    40 |    57 |   120 ||   217
  Dodge: Dodged            |    53 |    51 |    54 ||   158

Table legend: (Time is in decaauts)
 A = Elapsed time spent in this place.
 B = Non-inter-level travel time spent in this place.
 C = Inter-level travel time spent in this place.
 D = Time resting spent in this place.
 E = Time spent auto-exploring this place.
 F = Levels seen in this place.
 G = Mean time per level.
                   A        B        C        D        E       F      G
               +--------+--------+--------+--------+--------+-----+--------+
         Total |   7913 |   7885 |     28 |   5024 |   2305 |   4 | 1978.2 |
       Dungeon |   7913 |   7885 |     28 |   5024 |   2305 |   4 | 1978.2 |
               +--------+--------+--------+--------+--------+-----+--------+

Top non-repeatable levels by time:
     D:1: 5520 daAuts
     D:2: 1192 daAuts
     D:3: 872 daAuts
     D:4: 328 daAuts
